 Dungeon Crawl Stone Soup version 0.25.0-46-gbd7b0854d2 (webtiles) character file.

Game seed: 9449308002023759286

38 Doot the Firebug (level 3, -3/19 HPs)
             Began as a Tengu Fire Elementalist on July 17, 2020.
             Slain by an orc
             ... wielding a +0 flail
              (6 damage)
             ... on level 2 of the Dungeon.
             The game lasted 00:01:58 (1283 turns).

Doot the Firebug (Tengu Fire Elementalist)          Turns: 1283, Time: 00:01:59

Health: -3/19      AC:  2    Str:  8    XL:     3   Next: 43%
Magic:  6/7        EV: 13    Int: 16    God:
Gold:   126        SH:  0    Dex: 14    Spells: 5/6 levels left

rFire    . . .     SeeInvis .   b - +0 short sword
rCold    . . .     Gourm    .   (no shield)
rNeg     . . .     Faith    .   a - +0 robe
rPois    .         Spirit   .   (helmet restricted)
rElec    .         Reflect  .   (no cloak)
rCorr    .         Harm     .   (no gloves)
MR       .....                  (boots unavailable)
Stlth    ++........             (no amulet)
HPRegen  0.06/turn              (no ring)
MPRegen  0.10/turn              (no ring)

@: no status effects
A: beak, talons 3
a: no special abilities


You were on level 2 of the Dungeon.
You were not hungry.

You visited 1 branch of the dungeon, and saw 3 of its levels.

You collected 126 gold pieces.

Inventory:

Hand Weapons
 b - a +0 short sword (weapon)
Armour
 a - a +0 robe (worn)
Scrolls
 d - 3 scrolls of identify {unknown}
 g - a scroll of remove curse {unknown}
Potions
 e - 2 potions of curing {unknown}
 f - a potion of heal wounds {unknown}
Comestibles
 c - 3 rations


   Skills:
 + Level 2.3 Dodging
 + Level 2.2 Stealth
 + Level 2.2 Spellcasting
 + Level 1.7 Conjurations
 + Level 4.3 Fire Magic


You had 5 spell levels left.
You knew the following spells:

 Your Spells              Type           Power        Failure   Level  Hunger
a - Foxfire               Conj/Fire      ##..         6%          1    #......

Your spell library contained the following spells:

 Spells                   Type           Power        Failure   Level  Hunger
 Conjure Flame            Conj/Fire      ##......     17%         3    ###....
 Inner Flame              Hex/Fire       #.......     26%         3    ###....
 Sticky Flame             Conj/Fire      ##......     50%         4    #####..
 Fireball                 Conj/Fire      ##........   85%         5    ######.


Dungeon Overview and Level Annotations

Branches:
Dungeon (3/15)

Altars:


Innate Abilities, Weirdness & Mutations

You have a beak for a mouth.
You have claws for feet.


Message History

The orc hits you with a +0 flail!
* * * LOW HITPOINT WARNING * * *
Unknown command.
You hit the orc. Your kick misses the orc.
The orc is lightly wounded.
The orc hits you with a +3 mace.
* * * LOW HITPOINT WARNING * * *
The orc barely misses you. x2
Unknown command.
Unknown command.
Unknown command.
Unknown command.
You hit the orc but do no damage. Your peck misses the orc.
The orc is lightly wounded.
The orc closely misses you. The orc completely misses you. The orc misses you.
You hit the orc. You claw the orc, but do no damage.
The orc is severely wounded.
The orc closely misses you. The orc barely misses you.
The orc hits you with a +0 flail.
You die...

...# #...# ...#
######### ####.# ...#
#.......###.##.# ##.#
#.......##.#.#.#
#.###..)....#.###..#
##............## ##.#
....##.......#.###.##
#...##.......##o#o##
.............###@##
....##.####### #o#
..#.##.## #.#
........# #.#
#.#.##..# #.#
#.#.##..##### #.#
............####.#
###########......#
########


You could see 3 orcs.

Vanquished Creatures
  A gnoll (D:1)
  An adder (D:2)
  A leopard gecko (D:2)
  2 hobgoblins (D:2)
  3 jackals (D:2)
  2 kobolds
  A ball python (D:2)
  3 bats (D:2)
  2 frilled lizards (D:2)
  2 goblins
  A rat (D:1)
19 creatures vanquished.

Vanquished Creatures (others)
  55 foxfires
55 creatures vanquished.

Grand Total: 74 creatures vanquished

Notes
Turn   | Place    | Note
-------+----------+-------------------------------------------
     0 | D:1      | Doot the Tengu Fire Elementalist began the quest for the
                  | Orb.
     0 | D:1      | Reached XP level 1. HP: 10/10 MP: 4/4
    64 | D:1      | Reached XP level 2. HP: 15/15 MP: 0/6
   296 | D:2      | Reached skill level 4 in Fire Magic
   465 | D:2      | Reached XP level 3. HP: 5/19 MP: 1/7
  1283 | D:2      | Slain by an orc

Illustrated notes

Levels and vault maps discovered:
D:1:      nicolae_arrival_somewhat_less_tricky_arrival, layout_basic,
          kennysheep_boxes
D:2:      layout_loops_cross, minmay_pentomino_s2
D:3:      layout_rooms, kennysheep_generic_room_15

Skill      XL: |  1  2 |
---------------+-------+-----
Fire Magic     | 4 |  4.3
Dodging        | |  2.3
Stealth        | |  2.2
Spellcasting   | |  2.2
Conjurations   | |  1.7

Action                   || total
-------------------------++-------
Melee: Short sword       ||     3
       Kick              ||     1
 Cast: Foxfire           ||    44
  Eat: Chunk             ||     2
Armor: Robe              ||     7
Dodge: Dodged            ||    45
